[Event "Early-Titled-Tuesday-Blitz-October-03-2023"]
[Site "Chess.com"]
[Date "2023.10.03"]
[Round "6"]
[White "GianmarcoVaR"]
[Black "PeshkaCh"]
[Result "0-1"]
[WhiteElo "2649"]
[BlackElo "2796"]
[TimeControl "180+1"]
[EndTime "9:06:14 PDT"]
[Termination "PeshkaCh won by checkmate"]

1. e4 e5 2. Nf3 Nc6 3. Bc4 Bc5 4.
O-O Nf6 5. d3 d6 6. c3 a6 7. Bb3 h6 8. Re1 Ba7 9. Na3 Be6 10. Nc4 O-O 11. h3 Re8 12. Be3 Bxe3 13. Nxe3 d5 14. exd5 Nxd5 15. Nc4 Nf4 16. Ncxe5 Nxe5 17. Nxe5 Qg5 18. Qf3 Bxb3 19. h4 Qf5 20. axb3 Rxe5 21.
g3 Nxd3 22. Qxf5 Rxf5 23. Re3 Nxf2 24. Rf1 Ng4 25. Re7 Rxf1+ 26. Kxf1 Rc8 27. Ke2 Kf8 28. Re4 Re8 29. Kf3 Rxe4 30. Kxe4 Ke7 31. Kf5 Ne3+ 32. Kf4 Nd1 33. Kg4 Nxb2 34. Kh5 Nd1 35. c4 Ne3 36. c5 Nf5 37. g4 Ng3# 0-1

[Event "Early-Titled-Tuesday-Blitz-October-03-2023"]
[Site "Chess.com"]
[Date "2023.10.03"]
[Round "6"]
[White "GeorgiosSouleidis"]
[Black "Barmen_EV"]
[Result "0-1"]
[WhiteElo "2587"]
[BlackElo "2461"]
[TimeControl "180+1"]
[EndTime "9:06:17 PDT"]
[Termination "Barmen_EV won on time"]

1. e4 e5 2. Nc3 Nf6 3. d4 d5 4.
dxe5 Nxe4 5. Qxd5 Nxc3 6. Qxd8+ Kxd8 7. bxc3 Bc5 8. Bg5+ Ke8 9. Nf3 Nc6 10. Bb5 Bd7 11. O-O a6 12. Bc4 h6 13. Bf4 Ke7 14.
Rad1 Rad8 15. Nd4 Rhe8 16. Rfe1 Kf8 17. h4 Bg4 18. f3 Nxd4 19. cxd4 Rxd4 20. Rxd4 Bxd4+ 21. Kh2 Bf5 22. Bb3 h5 23. Kg3 b5 24. a4 c5 25.
axb5 axb5 26. c4 b4 27. Ba4 Ra8 28. Bc6 Ra2 29. Be3 Bxe3 30. Rxe3 Ra3 31. Re1 b3 32. Be4 Bxe4 33. fxe4 b2+ 34. Kf4 Ra1 0-1

[Event "Early-Titled-Tuesday-Blitz-October-03-2023"]
[Site "Chess.com"]
[Date "2023.10.03"]
[Round "6"]
[White "VOneChess"]
[Black "Roedor"]
[Result "0-1"]
[WhiteElo "2215"]
[BlackElo "2392"]
[TimeControl "180+1"]
[EndTime "9:06:18 PDT"]
[Termination "Roedor won on time"]

1. e4 e5 2. Nf3 Nc6 3. Bb5 Nf6 4.
O-O Nxe4 5. Re1 Nd6 6. Bxc6 dxc6 7. Nxe5 Be7 8. d4 O-O 9. Nc3 Bf6 10. Bf4 Nf5 11.
Ne4 Be7 12. c3 Nd6 13. Qf3 Nxe4 14. Qxe4 Bg5 15. Bg3 Be6 16. f4 Bh4 17. f5 Bxg3 18. fxe6 Bxe5 19. Qxe5 fxe6 20. Qxe6+ Kh8 21. Re3 Qh4 22.
g3 Qh5 23. Rae1 h6 24. Qe5 Rf5 25. Qxc7 Raf8 26. R3e2 Qh3 27. Rg2 R5f7 28. Qe5 Qg4 29. Qe3 Rf3 30. Qe2 Qf5 31. h4 Qg4 32. Kh2 a5 33.
Qe4 Qc8 34. Ree2 Rf1 0-1

[Event "Early-Titled-Tuesday-Blitz-October-03-2023"]
[Site "Chess.com"]
[Date "2023.10.03"]
[Round "6"]
[White "Danirod"]
[Black "parintele_chess"]
[Result "1-0"]
[WhiteElo "2604"]
[BlackElo "2245"]
[TimeControl "180+1"]
[EndTime "9:06:19 PDT"]
[Termination "Danirod won on time"]

1. e4 e5 2. Nf3 Nc6 3. Bc4 Bc5 4. c3 Nf6 5. d4 exd4 6. cxd4 Bb4+ 7. Bd2 Bxd2+ 8.
Nbxd2 d5 9. exd5 Nxd5 10. Qb3 Na5 11. Qa4+ Nc6 12. Qb3 Na5 13. Qa4+ Nc6 14. Qa3 Qe7+ 15.
Qxe7+ Ncxe7 16. O-O O-O 17. Rfe1 c6 18. Ne4 h6 19. g3 Bg4 20. Ne5 Be6 21. Nc5 Bc8 22. Rac1 Nf5 23. Bxd5 cxd5 24. Nb3 Be6 25. Rc7 a5 26. a4 b5 27. axb5 a4 28. Nc5 Nxd4 29. b6 Rab8 30. b7 Nb5 31. Re7 Nd6 32. Nc6 Nxb7 33.
Nxe6 fxe6 34. Nxb8 Rxb8 35. R1xe6 Nc5 36. Rg6 Rxb2 37. Rgxg7+ Kf8 38. Ref7+ Ke8 39. Ra7 Kf8 40. Rh7 Kg8 41. Rhg7+ Kf8 42. Rgc7 Nd7 43. Rc8+ 1-0

[Event "Early-Titled-Tuesday-Blitz-October-03-2023"]
[Site "Chess.com"]
[Date "2023.10.03"]
[Round "6"]
[White "Denis_Makhnyov"]
[Black "FERNANDEZL1983"]
[Result "1-0"]
[WhiteElo "2928"]
[BlackElo "2591"]
[TimeControl "180+1"]
[EndTime "9:06:21 PDT"]
[Termination "Denis_Makhnyov won by resignation"]

1. e4 c5 2. Nf3 a6 3. c4 d6 4. d4 cxd4 5. Nxd4 Nf6 6. Nc3 e6 7. Be2 Be7 8. O-O O-O 9. Be3 b6 10. Qd2 Bb7 11. f3 Nbd7 12. Rfd1 Rc8 13. Rac1 Qc7 14.
Bf1 Qb8 15. Qf2 Bd8 16. b4 Bc7 17. Qh4 Ne5 18. Nb3 Ng6 19. Qh3 Rfe8 20. Re1 d5 21.
cxd5 exd5 22. Nxd5 Bxd5 23. exd5 Nxd5 24. Bf2 Ndf4 25.
Qf5 b5 26. g3 Ne6 27. Nc5 Bb6 28. a4 bxa4 29. Bxa6 Rcd8 30. f4 a3 31. Bc4 Bxc5 32.
bxc5 Qc8 33. Bb3 Rd2 34. c6 a2 35. Qa5 Rf8 36. Qxd2 Nexf4 37. gxf4 Qg4+ 38. Bg3 Nh4 39. Bd5 Nf5 40. Qe2 Qg6 41. Qd3 Qd6 42. Qxf5 1-0

[Event "Early-Titled-Tuesday-Blitz-October-03-2023"]
[Site "Chess.com"]
[Date "2023.10.03"]
[Round "6"]
[White "Fandorine"]
[Black "temus_galaktionov"]
[Result "0-1"]
[WhiteElo "2920"]
[BlackElo "2869"]
[TimeControl "180+1"]
[EndTime "9:06:23 PDT"]
[Termination "temus_galaktionov won by resignation"]

1. b3 c6 2. Bb2 Nf6 3. Nf3 g6 4.
Bxf6 exf6 5. d4 f5 6. e3 Bg7 7. g3 O-O 8. Bg2 d5 9. O-O Be6 10.
Nbd2 a5 11. c4 a4 12. Qc2 Qa5 13. b4 Qxb4 14. Ng5 Qa5 15. Rab1 Ra7 16. Rfc1 Na6 17. a3 h6 18. Nxe6 fxe6 19. Nf3 Nb8 20. Ne1 Nd7 21. Nd3 g5 22. Rb4 Rf7 23. Nb2 Qd8 24.
Rxa4 Qa8 25. cxd5 exd5 26. Bh3 Rxa4 27. Nxa4 g4 28. Bf1 Nf6 29. Nc5 Ne4 30. Rb1 Nxc5 31. dxc5 Qxa3 32. Bd3 f4 33. gxf4 d4 34. Bc4 dxe3 35.
Bxf7+ Kxf7 36. Rxb7+ Kf6 37. Qb2+ Qxb2 38. Rxb2 Kf5 39.
Rb6 e2 0-1

[Event "Early-Titled-Tuesday-Blitz-October-03-2023"]
[Site "Chess.com"]
[Date "2023.10.03"]
[Round "6"]
[White "EvgenyBurmakin"]
[Black "JoliyRoger"]
[Result "0-1"]
[WhiteElo "2338"]
[BlackElo "2494"]
[TimeControl "180+1"]
[EndTime "9:06:23 PDT"]
[Termination "JoliyRoger won by checkmate"]

1. e4 c6 2. Nc3 d5 3. Nf3 Nf6 4. e5 Ne4 5. Ne2 e6 6. d3 Nc5 7. d4 Ncd7 8. Nf4 Be7 9. Bd3 c5 10. c3 Nc6 11. Nh5 g6 12. Nf4 cxd4 13. cxd4 Qb6 14.
Bb1 Bb4+ 15. Kf1 a5 16. h4 h5 17. Be3 Nf8 18. Ng5 Be7 19. b3 a4 20. bxa4 Bd7 21.
Bd3 Nb4 22. Rb1 Bxa4 23. Qe2 Qa5 24. Qf3 Bxg5 25. hxg5 Nxd3 26. Nxd3 Bc2 27. Ke2 Qxa2 28. Bd2 Bxb1 29. Qf6 Bxd3+ 30. Kxd3 Qc4+ 31. Ke3 Ra3+ 32. Kf4 Qxd4# 0-1

[Event "Early-Titled-Tuesday-Blitz-October-03-2023"]
[Site "Chess.com"]
[Date "2023.10.03"]
[Round "6"]
[White "Kielinkei"]
[Black "LaPiToB"]
[Result "1-0"]
[WhiteElo "2463"]
[BlackElo "2284"]
[TimeControl "180+1"]
[EndTime "9:06:23 PDT"]
[Termination "Kielinkei won by resignation"]

1. c4 Nf6 2. Nc3 e6 3. g3 d5 4. cxd5 exd5 5. d4 c6 6. Bg2 Bd6 7. Nf3 O-O 8. O-O h6 9. Bf4 Re8 10. Bxd6 Qxd6 11. Ne5 Nbd7 12. Nxd7 Bxd7 13. e3 b5 14. Rc1 Bg4 15. Qd2 Rac8 16. h3 Bh5 17. a3 a5 18. Ne2 a4 19. Nf4 Bg6 20. Nxg6 fxg6 21. Qc2 Nd7 22. e4 Nb6 23. exd5 cxd5 24. Qd3 Nc4 25. b3 axb3 26. Qxb3 Rb8 27. a4 bxa4 28.
Qxa4 Re2 29. Rxc4 dxc4 30. Qxc4+ Re6 31. Re1 Re8 32. Bd5 Kf7 33. Kf1 Kf6 34. Rxe6+ Rxe6 35. Bxe6 Qxe6 36. Qxe6+ Kxe6 37. Ke2 Kd5 38. Kd3 g5 39.
Ke3 g6 40. g4 h5 41. Kd3 1-0

[Event "Early-Titled-Tuesday-Blitz-October-03-2023"]
[Site "Chess.com"]
[Date "2023.10.03"]
[Round "6"]
[White "PoXerStar"]
[Black "kritipatel"]
[Result "1-0"]
[WhiteElo "2424"]
[BlackElo "2132"]
[TimeControl "180+1"]
[EndTime "9:06:23 PDT"]
[Termination "PoXerStar won by resignation"]

1. Nf3 d5 2. b3 c5 3. Bb2 Nc6 4. e3 f6 5. Bb5 e5 6. Bxc6+ bxc6 7. d3 Bd6 8. Nbd2 Ne7 9. e4 d4 10. Nc4 O-O 11. O-O Ng6 12. Nxd6 Qxd6 13. a4 Bg4 14. h3 Be6 15. Nd2 f5 16. exf5 Bxf5 17. Nc4 Qf6 18. Ba3 Nf4 19. Qf3 Qg5 20. Kh1 Rae8 21. Rae1 Be6 22. Bc1 Bd5 23. Bxf4 Rxf4 24. Qg3 Qh5 25. Nxe5 Rxe5 26. Qxf4 Qxh3+ 27. Qh2 Bxg2+ 28. Kg1 Rg5 29. f4 Rg3 30. Qxh3 Bxh3+ 31. Kh2 Rg2+ 32. Kxh3 Rxc2 33. Re5 Rc3 34. Kg4 Rxd3 35. Rxc5 Rxb3 36. Rxc6 Rb4 37.
Re1 Rxa4 38. Re7 h6 39. Rcc7 d3 40. Rxg7+ Kf8 41. Rh7 Kg8 42. Rhd7 1-0

[Event "Early-Titled-Tuesday-Blitz-October-03-2023"]
[Site "Chess.com"]
[Date "2023.10.03"]
[Round "6"]
[White "vedantgoswami"]
[Black "TERMINATOR_PC"]
[Result "0-1"]
[WhiteElo "2406"]
[BlackElo "2614"]
[TimeControl "180+1"]
[EndTime "9:06:25 PDT"]
[Termination "TERMINATOR_PC won by resignation"]

1. c3 Nf6 2. d4 d5 3. Nf3 c6 4.
Bf4 Bf5 5. e3 Nbd7 6. Nbd2 h6 7.
h3 e6 8. Be2 Be7 9. O-O O-O 10.
Re1 Ne4 11. Nxe4 Bxe4 12. a4 a5 13. Qb3 Qb6 14. Qxb6 Nxb6 15. Nd2 Bg6 16. Rec1 Rfc8 17. c4 Bb4 18. Nb3 dxc4 19. Bxc4 Nxc4 20. Rxc4 b6 21.
f3 Bd3 22. Rcc1 c5 23. dxc5 bxc5 24. e4 c4 25. Nd4 e5 26. Bxe5 Bc5 27. Kh2 f6 28. Ne6 fxe5 29. Nxc5 Rxc5 30. Ra3 Rb8 31. Rxd3 Rxb2 32. Rd5 Rxd5 33. exd5 Rb4 34. d6 Kf7 35. Rd1 Ke8 36. Rd5 Kd7 37. Rxa5 Kxd6 38.
Ra7 c3 39. Ra8 Rc4 40. a5 c2 41. a6 0-1

[Event "Early-Titled-Tuesday-Blitz-October-03-2023"]
[Site "Chess.com"]
[Date "2023.10.03"]
[Round "6"]
[White "OchsenfroschGambit"]
[Black "TatjanaVasilevich"]
[Result "1-0"]
[WhiteElo "2476"]
[BlackElo "2573"]
[TimeControl "180+1"]
[EndTime "9:06:26 PDT"]
[Termination "OchsenfroschGambit won on time"]

1. d4 Nf6 2. c4 e6 3. Nc3 Bb4 4. f3 d5 5. a3 Bxc3+ 6. bxc3 O-O 7. cxd5 exd5 8. e3 Bf5 9. g4 Bg6 10. h4 h6 11. Ne2 Re8 12. Nf4 Bh7 13. Kf2 c6 14. Bd3 Bxd3 15. Qxd3 Nh7 16. a4 Nd7 17. Ba3 a6 18. Rag1 Ndf8 19. Bxf8 Nxf8 20. g5 Qd6 21.
Nh5 Qg6 22. Nf6+ gxf6 23. gxf6 Kh7 24. Rxg6 fxg6 25. h5 Re7 26. fxe7 Kg7 27. exf8=Q+ 1-0

[Event "Early-Titled-Tuesday-Blitz-October-03-2023"]
[Site "Chess.com"]
[Date "2023.10.03"]
[Round "6"]
[White "Elbebiber"]
[Black "jasonbolivar"]
[Result "1-0"]
[WhiteElo "2145"]
[BlackElo "2222"]
[TimeControl "180+1"]
[EndTime "9:06:26 PDT"]
[Termination "Elbebiber won on time"]

1. f4 d5 2. Nf3 c5 3. e3 a6 4. b3 Nf6 5. Bb2 Ne4 6. g3 Nc6 7. Bg2 f6 8. O-O e6 9. d3 Nd6 10. Qe2 Be7 11. Nbd2 O-O 12. e4 Bd7 13. Rfe1 Re8 14. c4 dxe4 15. Nxe4 Nf5 16. Rad1 Bf8 17. Kh1 Qc7 18. d4 cxd4 19. Nxd4 Bb4 20. Rf1 Ncxd4 21.
Bxd4 Nxd4 22. Rxd4 Bc6 23. Rd3 b6 24. Rfd1 Bf8 25. Bf3 Qb7 26. Kg2 Rac8 27. Nd6 Bxf3+ 28. Qxf3 Qxf3+ 29. Kxf3 Bxd6 30. Rxd6 b5 31. Rc1 bxc4 32. bxc4 a5 33. c5 e5 34. c6 exf4 35. Kxf4 Kf7 36.
Rd7+ Kg6 37. c7 h5 38. h4 1-0

[Event "Early-Titled-Tuesday-Blitz-October-03-2023"]
[Site "Chess.com"]
[Date "2023.10.03"]
[Round "6"]
[White "Kopytkin"]
[Black "NMJeevanK"]
[Result "0-1"]
[WhiteElo "2386"]
[BlackElo "2525"]
[TimeControl "180+1"]
[EndTime "9:06:28 PDT"]
[Termination "NMJeevanK won on time"]

1. Nf3 Nc6 2. e4 e5 3. Bc4 Nf6 4. d3 Bc5 5. Nc3 O-O 6. Bg5 h6 7. Bh4 Be7 8. Qd2 d6 9. O-O-O a6 10. Rhg1 b5 11. Bb3 Nd4 12. Nxd4 exd4 13. Ne2 c5 14. Bxf6 Bxf6 15. Bd5 Rb8 16. f4 Bg4 17. h3 Bxe2 18. Qxe2 Qa5 19. g4 c4 20. dxc4 Qxa2 21. c5 Qa1+ 22.
Kd2 Qxb2 23. c6 b4 24. Rb1 Qc3+ 25. Kd1 b3 26. Bxb3 d3 27. Qxd3 Rxb3 28. Rxb3 Qa1+ 29. Kd2 Qxg1 30. c7 Qc5 31. g5 hxg5 32. e5 dxe5 33.
Rc3 Qf2+ 34. Qe2 Qd4+ 35. Rd3 Qxf4+ 36. Kd1 e4 37. Rd7 Qf5 38. Qc4 Qxd7+ 0-1

[Event "Early-Titled-Tuesday-Blitz-October-03-2023"]
[Site "Chess.com"]
[Date "2023.10.03"]
[Round "6"]
[White "HajiyevKanan"]
[Black "bascheyaro"]
[Result "0-1"]
[WhiteElo "2539"]
[BlackElo "2809"]
[TimeControl "180+1"]
[EndTime "9:06:31 PDT"]
[Termination "bascheyaro won by resignation"]

1. d4 d5 2. Nf3 Nf6 3. c4 c6 4.
cxd5 cxd5 5. Nc3 Nc6 6. Bg5 a6 7. Bxf6 gxf6 8. Qb3 e6 9. e3 f5 10. Be2 Bd6 11. O-O b5 12. Rac1 Bd7 13. Rfd1 O-O 14. Nb1 Rc8 15. a3 h6 16. Nbd2 Kg7 17. Qa2 Na5 18. b4 Nc4 19. Nb3 Bc6 20. Nc5 Ra8 21. a4 a5 22. Bxc4 dxc4 23. axb5 Bd5 24.
Nb7 Bxb7 25. bxa5 Qxa5 26. Qxc4 Rfc8 27. Qe2 Qa2 28. Qf1 Bxf3 29. gxf3 Qd5 30. f4 Kh7 31. Rxc8 Rxc8 32. f3 Rc2 33. Qd3 Qa2 34. Qf1 Rb2 35. Qh3 Qb3 36. Re1 Qc3 37. Kf1 Bb4 38. Re2 Qd3 39. Qg2 Qd1+ 0-1

[Event "Early-Titled-Tuesday-Blitz-October-03-2023"]
[Site "Chess.com"]
[Date "2023.10.03"]
[Round "6"]
[White "chesskov1982"]
[Black "Korchmar_Vasiliy"]
[Result "1/2-1/2"]
[WhiteElo "2822"]
[BlackElo "2687"]
[TimeControl "180+1"]
[EndTime "9:06:31 PDT"]
[Termination "Game drawn by repetition"]

1. d4 Nf6 2. c4 e6 3. Nf3 d5 4. Nc3 dxc4 5. e4 b5 6. e5 Nd5 7. Nxb5 Nb6 8. Be2 Nc6 9. O-O Be7 10. Nc3 O-O 11. Be3 Rb8 12. Rc1 Bb7 13. Na4 Nxa4 14.
Qxa4 Ba8 15. Bxc4 Rxb2 16. Rfd1 Nb4 17. Rd2 Rxd2 18. Nxd2 Nd5 19. Bxd5 Qxd5 20. f3 c5 21. Qxa7 cxd4 22. Qxd4 Qxa2 23. Rc7 Qa3 24. h3 h6 25.
Ne4 Bxe4 26. Qxe4 Rd8 27. Ra7 Qb4 28. Qxb4 Bxb4 29. f4 h5 30. Kf2 Bd2 31. g4 Bxe3+ 32. Kxe3 hxg4 33. hxg4 g6 34. f5 gxf5 35. gxf5 exf5 36.
Kf4 Rd1 37. Kxf5 Rf1+ 38. Ke4 Re1+ 39. Kf5 Rf1+ 40. Ke4 Re1+ 41. Kf5 Rf1+ 1/2-1/2

[Event "Early-Titled-Tuesday-Blitz-October-03-2023"]
[Site "Chess.com"]
[Date "2023.10.03"]
[Round "6"]
[White "soumeow"]
[Black "Khromkin"]
[Result "0-1"]
[WhiteElo "2280"]
[BlackElo "2461"]
[TimeControl "180+1"]
[EndTime "9:06:32 PDT"]
[Termination "Khromkin won by resignation"]

1. e4 c5 2. Nf3 Nc6 3. d4 cxd4 4. Nxd4 g6 5. Nc3 Bg7 6. Be3 Nf6 7. Bc4 O-O 8. Bb3 a5 9. O-O a4 10. Nxa4 Nxe4 11.
Nb5 d5 12. f3 d4 13. Bf4 e5 14. fxe4 exf4 15. Rxf4 Qg5 16. Qf1 d3 17. Rxf7 Be6 18. Bxe6 Rxf7 19. Qxf7+ Kh8 20. Qxb7 Rf8 21. Qxc6 Qe3+ 22.
Kh1 d2 23. Qb6 Qe2 24. Nac3 Qh5 25. Qg1 Be5 26. Bb3 Rf4 27. Rd1 Rh4 28. h3 Rxh3+ 0-1

[Event "Early-Titled-Tuesday-Blitz-October-03-2023"]
[Site "Chess.com"]
[Date "2023.10.03"]
[Round "6"]
[White "Polish_fighter3000"]
[Black "Rap_woyska"]
[Result "1-0"]
[WhiteElo "3065"]
[BlackElo "2502"]
[TimeControl "180+1"]
[EndTime "9:06:33 PDT"]
[Termination "Polish_fighter3000 won by resignation"]

1. g4 d5 2. Bg2 c6 3. h3 e5 4. d3 Bc5 5. a3 a5 6. e3 Ne7 7. Nf3 Ng6 8. Nbd2 O-O 9. b3 f5 10.
gxf5 Bxf5 11. Bb2 Nd7 12. Qe2 Qe7 13. h4 e4 14. dxe4 Bxe4 15. h5 Nge5 16. Nxe4 dxe4 17. Nxe5 Nxe5 18. Bxe4 h6 19. Rg1 Rf7 20. f4 Ng4 21. Qxg4 Qxe4 22. O-O-O Bxe3+ 23. Kb1 Bxg1 24. Rxg1 Qxf4 25.
Qe6 Kf8 26. Be5 Qf2 27. Rxg7 Qe1+ 28. Ka2 Qf2 29. Bd6+ Kxg7 30. Qg6+ Kh8 31. Be5+ Rf6 32. Bxf6+ 1-0

[Event "Early-Titled-Tuesday-Blitz-October-03-2023"]
[Site "Chess.com"]
[Date "2023.10.03"]
[Round "6"]
[White "GMJustin"]
[Black "KorolDimitriy75"]
[Result "0-1"]
[WhiteElo "2195"]
[BlackElo "2383"]
[TimeControl "180+1"]
[EndTime "9:06:33 PDT"]
[Termination "KorolDimitriy75 won on time"]

1. d4 Nf6 2. c4 c5 3. d5 b5 4.
cxb5 a6 5. f3 axb5 6. e4 Qa5+ 7.
Bd2 b4 8. Na3 d6 9. Nc4 Qd8 10.
a3 e6 11. dxe6 Bxe6 12. Bg5 Nc6 13. Bd3 Be7 14. Ne2 O-O 15. O-O d5 16. exd5 Nxd5 17. Bxe7 Qxe7 18. f4 Bg4 19. h3 Ne3 20. Nxe3 Qxe3+ 21.
Rf2 Rad8 22. hxg4 Rxd3 23. Qc1 Rfd8 24. Qxe3 Rxe3 25. axb4 Nxb4 26. Nc3 g6 27. Kh2 Nd3 28.
Rd2 Rd4 29. g3 Nb4 30. Ra8+ Kg7 31. Rd8 Red3 32. Rxd3 Nxd3 33. Rxd4 cxd4 34. Nd1 Kf6 35. Kg2 Ke6 36. Kf3 Kd5 37. Ke2 Nc5 0-1

[Event "Early-Titled-Tuesday-Blitz-October-03-2023"]
[Site "Chess.com"]
[Date "2023.10.03"]
[Round "6"]
[White "LeRoidesChampions"]
[Black "Defenstrator"]
[Result "0-1"]
[WhiteElo "2606"]
[BlackElo "2465"]
[TimeControl "180+1"]
[EndTime "9:06:35 PDT"]
[Termination "Defenstrator won by checkmate"]

1. d4 Nf6 2. Bf4 c5 3. d5 Qb6 4.
Nc3 Qxb2 5. Bd2 Qb6 6. e4 d6 7. f4 Bg4 8. Nf3 Nbd7 9. h3 Bxf3 10.
Qxf3 g6 11. Rb1 Qc7 12. e5 dxe5 13. d6 exd6 14. Rxb7 Qd8 15. Nb5 Rc8 16. Bc4 Be7 17. f5 O-O 18. fxg6 hxg6 19. Bh6 e4 20. Qg4 Nxg4 21.
hxg4 Bh4+ 22. Ke2 Ne5 23. Bd5 Qf6 24. Rf1 Qh8 25. Bxf8 Rxf8 26. Nxd6 Qh6 27. Bxf7+ Kh8 28. Rh1 Qg5 29. Be6 Nxg4 30. Nf7+ Rxf7 31. Rxf7 Qe3+ 32. Kd1 Nf2+ 33. Rxf2 Qxf2 34. Bc4 Qd4+ 35. Kc1 g5 36. Bf1 e3 37. Bd3 Qa1# 0-1

[Event "Early-Titled-Tuesday-Blitz-October-03-2023"]
[Site "Chess.com"]
[Date "2023.10.03"]
[Round "6"]
[White "familijatop71"]
[Black "ChampStan"]
[Result "1-0"]
[WhiteElo "2199"]
[BlackElo "2083"]
[TimeControl "180+1"]
[EndTime "9:06:36 PDT"]
[Termination "familijatop71 won on time"]

1. e4 c5 2. c3 d6 3. d4 cxd4 4. cxd4 Nc6 5. Nf3 Nf6 6. Nc3 Bg4 7. Be3 e6 8. Be2 Be7 9. O-O O-O 10. h3 Bh5 11.
Qd2 Rc8 12. Rac1 Bg6 13. e5 dxe5 14. dxe5 Nd5 15. Nxd5 exd5 16. Bf4 d4 17. Bd3 Bxd3 18. Qxd3 Nb4 19. Qxd4 Qxd4 20. Nxd4 Rxc1 21. Bxc1 Nxa2 22. Nf5 Bb4 23. Be3 a5 24. Ra1 Nc3 25. bxc3 Bxc3 26. Rb1 Rb8 27. Bd4 Bb4 28. Kf1 b5 29. Ke2 Rc8 30. Nd6 Bxd6 31. exd6 b4 32. Bb6 Ra8 33. d7 1-0

[Event "Early-Titled-Tuesday-Blitz-October-03-2023"]
[Site "Chess.com"]
[Date "2023.10.03"]
[Round "6"]
[White "RamonManon0g"]
[Black "UK_23"]
[Result "1-0"]
[WhiteElo "2295"]
[BlackElo "2429"]
[TimeControl "180+1"]
[EndTime "9:06:37 PDT"]
[Termination "RamonManon0g won by checkmate"]

1. e4 e5 2. Nf3 Nc6 3. Bc4 Nf6 4. Ng5 d5 5. exd5 Na5 6. Bb5+ c6 7. dxc6 bxc6 8. Bd3 Nd5 9. Nf3 Bd6 10. O-O Nf4 11. Nc3 Nxd3 12. cxd3 O-O 13. Re1 Bg4 14. Ne4 Bc7 15.
b4 Nb7 16. Qc2 Bxf3 17. gxf3 f5 18. Ng3 Rf6 19. Bb2 f4 20. Ne4 Rh6 21. Qc4+ Kh8 22. Qf7 Qxd3 23. Ng5 Rg6 24. h4 h6 25. Bxe5 hxg5 26.
h5 Bxe5 27. hxg6 Qxf3 28. Rxe5 Qg4+ 29. Kf1 Qh3+ 30. Ke1 Qh1+ 31. Ke2 Qxa1 32. Re8+ Rxe8+ 33. Qxe8# 1-0

[Event "Early-Titled-Tuesday-Blitz-October-03-2023"]
[Site "Chess.com"]
[Date "2023.10.03"]
[Round "6"]
[White "deribas12345"]
[Black "carokannlover213"]
[Result "1-0"]
[WhiteElo "2584"]
[BlackElo "2726"]
[TimeControl "180+1"]
[EndTime "9:06:38 PDT"]
[Termination "deribas12345 won on time"]

1. d4 g6 2. c4 Bg7 3. e4 d6 4. Nc3 Nc6 5. Nge2 e5 6. d5 Nce7 7. Ng3 h5 8. Be2 h4 9. Nf1 Nf6 10. Bg5 a6 11. h3 Bd7 12. a4 Nh5 13. Qd2 f6 14. Be3 g5 15. g3 hxg3 16. fxg3 Bf8 17. Qd1 Ng7 18. h4 gxh4 19. Rxh4 Rg8 20. Nh2 Ng6 21.
Rh7 Qe7 22. Qb3 O-O-O 23. c5 c6 24. dxc6 Be6 25. Qb6 1-0

[Event "Early-Titled-Tuesday-Blitz-October-03-2023"]
[Site "Chess.com"]
[Date "2023.10.03"]
[Round "6"]
[White "ljuks68"]
[Black "Witty_Alien"]
[Result "0-1"]
[WhiteElo "2421"]
[BlackElo "2263"]
[TimeControl "180+1"]
[EndTime "9:06:38 PDT"]
[Termination "Witty_Alien won by resignation"]

1. e4 c5 2. Nf3 d6 3. d4 cxd4 4.
Nxd4 Nf6 5. Nc3 a6 6. Bg5 e6 7. f4 Qc7 8. Bxf6 gxf6 9. Qh5 Nc6 10. O-O-O Nxd4 11. Rxd4 Qc5 12. Qd1 h5 13. Be2 h4 14.
Rc4 Qa5 15. Kb1 Bd7 16. Re1 b5 17. Rd4 b4 18. Nd5 exd5 19. exd5 Kd8 20. Qd2 Rb8 21.
a3 f5 22. axb4 Qb6 23. c3 a5 24. bxa5 Qxa5 25. Rb4 Rxb4 26. cxb4 Qb6 27. Bd3 Bg7 28. Qc2 Qxb4 29. Rc1 Ke7 30. Re1+ Qxe1+ 31. Ka2 Ra8+ 0-1

[Event "Early-Titled-Tuesday-Blitz-October-03-2023"]
[Site "Chess.com"]
[Date "2023.10.03"]
[Round "6"]
[White "andrzej"]
[Black "carloseduar100"]
[Result "0-1"]
[WhiteElo "2456"]
[BlackElo "2334"]
[TimeControl "180+1"]
[EndTime "9:06:41 PDT"]
[Termination "carloseduar100 won on time"]

1. e4 e6 2. d4 d5 3. Nc3 Nf6 4. e5 Nfd7 5. f4 c5 6. Nf3 Nc6 7. Be3 Qb6 8. Na4 Qc7 9. c3 Qa5 10. dxc5 b5 11. b4 Qxa4 12. Qxa4 bxa4 13. Bb5 Bb7 14. Bxa4 a6 15. O-O g6 16. Rfd1 Bg7 17. Nd4 Nxd4 18. cxd4 Rc8 19. Rdc1 Bc6 20. Bd1 Ke7 21. a4 Rb8 22. Rcb1 Rb7 23. Be2 Rhb8 24. Bd2 f6 25. Bxa6 Ra7 26. b5 fxe5 27. fxe5 Nxe5 28.
Bg5+ Ke8 29. bxc6 Nxc6 30. Bb5 Rxb5 31. axb5 Rxa1 32. Rxa1 Bxd4+ 33. Kf1 Bxa1 34. bxc6 Bd4 35. c7 Kd7 36. Be7 Kxc7 37. Ke2 Kc6 38. Kf3 Bxc5 39. Bf6 Bd6 40. h4 e5 41. Kg4 Kd7 42. Kg5 Ke6 43. Bg7 d4 44. Kg4 Kd5 45. Bh6 e4 46. h5 gxh5+ 47.
Kxh5 e3 48. Kg4 Ke4 49. Bg7 Be5 0-1

[Event "Early-Titled-Tuesday-Blitz-October-03-2023"]
[Site "Chess.com"]
[Date "2023.10.03"]
[Round "6"]
[White "IsuruAlahakoon"]
[Black "taleslascando"]
[Result "1-0"]
[WhiteElo "2303"]
[BlackElo "2015"]
[TimeControl "180+1"]
[EndTime "9:06:41 PDT"]
[Termination "IsuruAlahakoon won on time"]

1. Nf3 Nf6 2. d4 g6 3. Nc3 Bg7 4. e4 d5 5. exd5 Nxd5 6. Bc4 Nb6 7. Bb3 O-O 8. h3 Nc6 9. Be3 Na5 10. O-O Nxb3 11. axb3 c6 12. Re1 h6 13. Qd2 Kh7 14.
Rad1 a5 15. Ne5 Bf5 16. g4 Be6 17. Ne4 Nd5 18. Nc5 Bc8 19. c4 Nxe3 20. Qxe3 Qc7 21. Qf4 Kg8 22. Nxg6 Qxf4 23. Nxf4 b6 24. Ne4 e5 25.
Nh5 exd4 26. Nef6+ Bxf6 27. Nxf6+ Kg7 28. Nh5+ Kg6 29. Rxd4 f5 30. Rd6+ Kg5 31. Kg2 fxg4 32. Re5+ Rf5 33. Rxf5+ Bxf5 34. hxg4 Bxg4 35. Ng3 Kf4 36.
Rxh6 Bf3+ 37. Kg1 Rd8 38. Rf6+ Kg4 39. Rxc6 1-0

[Event "Early-Titled-Tuesday-Blitz-October-03-2023"]
[Site "Chess.com"]
[Date "2023.10.03"]
[Round "6"]
[White "SAInt_666"]
[Black "Herzog2012"]
[Result "1-0"]
[WhiteElo "2654"]
[BlackElo "2510"]
[TimeControl "180+1"]
[EndTime "9:06:42 PDT"]
[Termination "SAInt_666 won on time"]

1. e4 c5 2. Nf3 Nc6 3. Bb5 g6 4. Bxc6 dxc6 5. d3 Bg7 6. h3 Nf6 7. Nc3 Nd7 8. Be3 e5 9. Qd2 Qe7 10. Bh6 f6 11. Bxg7 Qxg7 12. Nh2 g5 13. Nf1 Nf8 14. O-O-O Be6 15. g3 Ng6 16. Ne3 O-O-O 17. Ne2 Qc7 18. Qc3 Qb6 19. Kb1 h5 20. h4 gxh4 21.
gxh4 Rhg8 22. Rdg1 Qb5 23. b3 b6 24. Rg3 a5 25. a4 Qa6 26. Rhg1 Nxh4 27. f4 Qb7 28. f5 Bf7 29. Qe1 Qe7 30. Rxg8 Rxg8 31. Rxg8+ Bxg8 32. Qxh4 Bf7 33. Qg3 Qf8 34. Nc4 Bxc4 35.
dxc4 Qh8 36. Qh4 Qh6 37. Nc1 Kd7 38. Nd3 Ke7 39. Nxe5 Qg5 40. Ng6+ Kf7 41. Qe1 Qg4 42.
Kb2 Qg5 43. Qd1 Kg7 44. Qd8 Qe3 45. Qf8+ 1-0